 Dungeon Sprint DCSS version 0.16-a0-3843-ged98c6c (console) character file.

215 carlseen the Grappler (level 5, -8/51 HPs)
             Began as a Ghoul Monk on Jan 30, 2015.
             Mangled by a slime creature (16 damage)
             ... in the Dungeon (Sprint I: "Red Sonja").
             The game lasted 00:01:55 (267 turns).

carlseen the Grappler (Ghoul Monk)                   Turns: 267, Time: 00:01:55

Health: -8/51      AC:  2    Str: 15    XL:     5   Next: 92%
Magic:  4/4        EV: 14    Int:  5    God:
Gold:   170        SH:  0    Dex: 12    Spells: 0 memorised, 4 levels left

rFire  . . .     SeeInvis .       - Unarmed
rCold  + . .     Clarity  .     a - +0 robe
rNeg   + + +     SustAb   .     (no shield)
rPois  ∞         Gourm    .     (no helmet)
rElec  .         Spirit   .     (no cloak)
rCorr  .         Warding  .     (no gloves)
rMut   .         NoTele   +     (no boots)
MR     .....                    (no amulet)
Stlth  ++........               (no ring)
                                (no ring)

@: rotting, not resistant to hostile enchantments, unstealthy
A: rotting body, claws 1, carnivore 3, cold resistance 1, negative energy
resistance 3, poison resistance, slow healing 1, torment resistance, unbreathing
a: no special abilities


You were in the Dungeon.
You were not hungry.

You visited 1 branch You collected 170 gold pieces.

Inventory:

Armour
 a - a +0 robe (worn)
Magical devices
 f - a wand of confusion (21)
Scrolls
 g - a scroll of blinking
 i - a scroll of remove curse {unknown}
Potions
 b - a potion of curing
 d - a potion of haste
 e - 2 potions of magic
Comestibles
 h - 3 chunks of flesh


   Skills:
 + Level 6.7 Fighting
 + Level 5.8 Dodging
 + Level 3.2 Stealth
 + Level 10.2 Unarmed Combat


You had 4 spell levels left.
You didn't know any spells.

Dungeon Overview and Level Annotations

Branches:
Dungeon (1/1)

Altars:
Cheibriados
Dithmenos
Fedhas
Sif Muna
Vehumet
Jiyva


Innate Abilities, Weirdness & Mutations

Your body is rotting away.
You thrive on raw meat.
You have sharp fingernails.
You are carnivorous and can eat meat at any time.
Your flesh is cold resistant.
You are immune to negative energy.
Your system is resistant to poisons.
You heal slowly when monsters are visible.
You are immune to unholy pain and torment.
You can survive without breathing.


Message History

The slime creature hits you!
You scratch the slime creature but do no damage.
The slime creature is heavily wounded.
You claw the slime creature!
The slime creature is severely wounded.
The slime creature hits you!!
* * * LOW HITPOINT WARNING * * *
You barely miss the slime creature.
The slime creature is heavily wounded.
The slime creature completely misses you.
You scratch the slime creature.
The slime creature is severely wounded.
The slime creature hits you!
* * * LOW HITPOINT WARNING * * *
There is an open door here.
Drink which item? (? for menu, Esc to quit)
You feel much better. The slime creature hits you!!
* * * LOW HITPOINT WARNING * * *
You open the door. The slime creature hits you!
You die...

###################
#<.#.)'..#..'..#__#
#..'..#.)').#..'..+
#..#####'#####'#__#
#..# #..# #J####
#..# #### ##@# #..#
#+#..'§§ #⌠⌠#
+..._#§§§ ####
#_.#+##+# ##+#


You could see a slime creature.

Vanquished Creatures
  An ogre (D)
  Sigmund (D)
  A jelly (D)
  Ijyb (D)
4 creatures vanquished.

Notes
Turn   | Place    | Note
--------------------------------------------------------------
     0 | D        | carlseen, the Ghoul Monk, began the quest for the Orb.
     0 | D        | Reached XP level 1. HP: 19/19 MP: 1/1
     2 | D        | Noticed Ijyb
    15 | D        | Killed Ijyb
    15 | D        | Reached skill level 6 in Unarmed Combat
    15 | D        | Reached XP level 2. HP: 18/27 MP: 2/2
    22 | D        | Noticed an ogre
    29 | D        | Killed an ogre
    29 | D        | Reached skill level 5 in Fighting
    29 | D        | Reached skill level 8 in Unarmed Combat
    29 | D        | Reached XP level 3. HP: 28/37 MP: 3/3
    29 | D        | Reached XP level 4. HP: 33/44 MP: 3/3
    41 | D        | Noticed Sigmund
    55 | D        | Killed Sigmund
    55 | D        | Reached skill level 5 in Dodging
    55 | D        | Reached skill level 9 in Unarmed Combat
    55 | D        | Reached XP level 5. HP: 28/51 MP: 4/4
    80 | D        | Found a deep blue altar of Sif Muna.
    81 | D        | Noticed a jelly
    82 | D        | Found a radiant altar of Vehumet.
    90 | D        | Killed a jelly
    90 | D        | Reached skill level 10 in Unarmed Combat
   252 | D        | Found a snail-covered altar of Cheibriados.
   252 | D        | Found a viscous altar of Jiyva.
   252 | D        | Found a shadowy altar of Dithmenos.
   252 | D        | Found a blossoming altar of Fedhas.
   252 | D        | Noticed a slime creature
   267 | D        | Mangled by a slime creature

Action                   |  1- 3 |  4- 6 || total
-------------------------+-------+-------++-------
Melee: Unarmed           |    14 |    18 ||    32
  Use: Potion            |       |     1 ||     1
 Stab: Sleeping          |     1 |     1 ||     2
  Eat: Chunk             |     1 |     2 ||     3
